 Dungeon Crawl Stone Soup version 0.32-a0-576-g706899e69d (webtiles) character file.

Game seed: 13903569528801151959

627 BeKind the Chiller (level 7, -1/61 HPs)
             Began as an Octopode Ice Elementalist on Mar 1, 2024.
             Killed by divine providence
             ... invoked by an orc priest
              (10 damage)
             ... on level 6 of the Dungeon.
             The game lasted 00:06:55 (4803 turns).

BeKind the Chiller (Octopode Ice Elementalist)      Turns: 4803, Time: 00:06:56

Health: -1/61      AC: 23    Str: 14    XL:     7   Next: 48%
Magic:  7/12       EV:  2    Int: 16    God:
Gold:   199        SH:  0    Dex: 17    Spells: 3/13 levels left

rFire   . . .        c - +2 dagger (drain)
rCold   . . .        (no shield)
rNeg    . . .        (helmet currently unavailable)
rPois   +            (no amulet)
rElec   .            m - +6 ring of dexterity
rCorr   .            (no ring)
SInv    .            (no ring)
Will    .....        (no ring)
Stlth   ++           (no ring)
HPRegen 0.30/turn    (no ring)
MPRegen 0.13/turn    (no ring)
                     (no ring)

%: clarity
@: tree-form, freezing walls
A: stationary, stasis, torment immunity, boosted hp, almost no armour,
(amphibious), 8 rings, (camouflage 1), (gelatinous body 1), (nimble swimmer 1),
(tentacles), (antennae 1), clarity, strong 1
a: Convert to Beogh


You were on level 6 of the Dungeon.
You were a tree.
You visited 1 branch of the dungeon, and saw 5 of its levels.

You collected 199 gold pieces.

Inventory:

Hand Weapons
 c - a +2 dagger of draining (weapon)
Jewellery
 m - a +6 ring of dexterity (left branch)
Wands
 f - a wand of mindburst (14)
Scrolls
 b - 2 scrolls of revelation {unknown}
 d - a scroll of fog {unknown}
 e - a scroll of teleportation {unknown}
 h - a scroll of noise {unknown}
 j - 3 scrolls of identify {unknown}
 k - a scroll of summoning {unknown}
 l - a scroll of poison {unknown}
 p - a scroll of brand weapon {unknown}
Potions
 a - a potion of magic
 g - a potion of lignification
 n - a potion of haste {unknown}
 o - a potion of degeneration {unknown}


   Skills:
 + Level 4.2 Dodging
 - Level 3.0 Stealth
 + Level 3.9 Spellcasting
 * Level 3.9 Summonings
 + Level 5.5 Ice Magic


You had 3 spell levels left.
You knew the following spells:

 Your Spells              Type           Power      Damage    Failure   Level
a - Freeze                Ice            80%        1d9       1%          1
b - Frozen Ramparts       Ice            40%        1d7       5%          3
c - Summon Ice Beast      Ice/Summ       18%        N/A       8%          3
d - Ozocubu's Armour      Ice            20%        N/A       5%          3

Your spell library contained the following spells:

 Spells                   Type           Power      Damage    Failure   Level
 Summon Small Mammal      Summ           60%        N/A       3%          1
 Shock                    Conj/Air       12%        1d3       17%         1
 Blink                    Tloc           6%         N/A       26%         2
 Lesser Beckoning         Tloc           6%         N/A       26%         2
 Momentum Strike          Conj/Tloc      6%         3d8       26%         2
 Summon Blazeheart Golem  Fire/Summ      9%         N/A       58%         4
 Airstrike                Air            1%         2d(1-17)  86%         4
 Malign Gateway           Summ/Tloc      4%         N/A       100%        7
 Summon Horrible Things   Summ           7%         N/A       100%        8


Dungeon Overview and Level Annotations

Branches:
Dungeon (4/15)
 Temple: D:4-7

Altars:
Makhleb
Ru


Innate Abilities, Weirdness & Mutations

You are a tree.
Your roots penetrate the ground, keeping you stationary.
You cannot be teleported.
You are immune to unholy pain and torment.
Your maximum health is greatly increased.
You cannot wear most types of armour.
((You are amphibious.))
You can wear up to eight rings at the same time.
((Your skin changes colour to match your surroundings (Stealth+).))
((Your rubbery body absorbs attacks. (AC +1, EV +1)))
((You are camouflaged when in or above water. (Stealth+)))
((You have tentacles for arms and can constrict up to eight enemies at once.))
((You have a pair of small antennae on your head.))
You possess an exceptional clarity of mind.
Your muscles are strong. (Str +4, Int/Dex -1)


Message History

You hit the orc priest.
The orc priest is severely wounded.
The wall freezes the orc priest!
The wall freezes the orc priest.
You kill the orc priest!
The wall freezes the orc priest.
The orc priest shouts, "The Pantheon deserves no one's loyalty.
Let us show you the true path!"
You hit the orc priest but do no damage.
The orc priest is severely wounded.
The wall freezes the orc priest.
The orc priest calls upon Beogh to heal the orc priest.
The orc priest is healed somewhat.
The wall freezes the orc priest but does no damage.
The orc priest hits you but does no damage.
You hit the orc priest but do no damage.
You drain the orc priest.
The orc priest is heavily wounded.
The wall freezes the orc priest.
The wall freezes the orc priest but does no damage.
The orc priest hits you but does no damage.
You closely miss the orc priest.
The orc priest is heavily wounded.
The frozen ramparts melt away.
The orc priest threatens, "Beogh's wrath is as vast as their mercy.
Make your choice!"
The orc priest hits you but does no damage.
You barely miss the orc priest.
The orc priest is heavily wounded.
The orc priest hits you but does no damage.
Casting: Frozen Ramparts (dangerous; 5% risk of failure)
Confirm with . or Enter, or press ? or * to list all spells.
Casting: Frozen Ramparts (dangerous; 5% risk of failure)
Press: ? - help, Dir - look around, f - activate The walls around you are covered in ice.
The orc priest shouts, "Surrender to Beogh and we'll let you live!"
The wall freezes the orc priest.
The orc priest begins to cast a cantrip, but forgets the words!
The wall freezes the orc priest.
The orc priest shouts, "Surrender to Beogh and we'll let you live!"
The orc priest invokes the aid of Beogh against you.
Beogh smites you!
You die...

#.#.#)# .. #.#.#.#
#####. #.#.#.#
##...#. ##.#.#.#
....... #..#.#.#
#.....########.##.#.#
+..............<#.#.#
#)...#.########.#
+.....oo♣.......#
#..).#.##########
#... #.# #.. #.. #.
#o. # #... #... #.###


You could see 2 orc priests.

Vanquished Creatures
  An ogre (D:4)
  A scorpion (D:4)
  An orc priest (D:6)
  Crazy Yiuf (D:3)
  A gnoll bouda (D:6)
  Natasha (thrice) (D:3)
  An iguana (D:6)
  2 orc wizards (D:6)
  10 gnolls
  8 adders
  2 ribbon worms
  8 orcs
  4 ball pythons
  5 bats
  4 endoplasms
  5 giant cockroaches
  4 goblins
  4 hobgoblins
  A jackal (D:6)
  4 kobolds
  5 quokkas
  3 frilled lizards
  4 rats
82 creatures vanquished.

Notes
Turn   | Place    | Note
-------+----------+-------------------------------------------
     0 | D:1      | BeKind the Octopode Ice Elementalist began the quest for
                  | the Orb.
     0 | D:1      | Reached XP level 1. HP: 11/11 MP: 3/3
   291 | D:1      | Reached XP level 2. HP: 17/17 MP: 3/5
   629 | D:1      | Reached XP level 3. HP: 9/21 MP: 2/6
  1467 | D:2      | Reached XP level 4. HP: 8/27 MP: 3/8
  1939 | D:2      | Learned a level 3 spell: Frozen Ramparts
  1943 | D:2      | Learned a level 3 spell: Summon Ice Beast
  2429 | D:3      | Noticed Natasha
  2437 | D:3      | Killed Natasha
  2438 | D:3      | Reached skill level 1 in Summonings
  2438 | D:3      | Reached XP level 5. HP: 23/31 MP: 9/9
  2689 | D:3      | Found a burning altar of Makhleb.
  2779 | D:3      | Noticed Natasha
  2808 | D:3      | Killed Natasha
  3092 | D:3      | Noticed Natasha
  3099 | D:3      | Killed Natasha
  3215 | D:3      | Found a runed translucent door.
  3216 | D:3      | Noticed Crazy Yiuf
  3530 | D:3      | Killed Crazy Yiuf
  3531 | D:3      | Reached XP level 6. HP: 36/36 MP: 4/10
  3788 | D:4      | Reached skill level 5 in Ice Magic
  4149 | D:4      | Gained mutation: You possess an exceptional clarity of
                  | mind. [potion of mutation]
  4149 | D:4      | Gained mutation: Your muscles are strong. (Str +4, Int/Dex
                  | -1) [potion of mutation]
  4149 | D:4      | Gained mutation: You have a pair of small antennae on your
                  | head. [potion of mutation]
  4329 | D:4      | You fall into a shaft and drop 2 floors!
  4332 | D:6      | Found a sacrificial altar of Ru.
  4341 | D:6      | Reached XP level 7. HP: 30/41 MP: 12/12
  4538 | D:6      | Got the Quarto of the Fulgurant Flock
  4543 | D:6      | Learned a level 3 spell: Ozocubu's Armour
  4803 | D:6      | Killed from afar by an orc priest

Illustrated notes

Levels and vault maps discovered:
D:1:      nagdon_arrival_double_spiral, layout_basic
D:2:      layout_loops_ring
D:3:      layout_loops_ring, lightli_temple_of_fire, minmay_misc_feat_ornament,
          minmay_misc_feat_encased, dk_noncrumbling_4, uniq_natasha,
          uniq_crazy_yiuf_cottage
D:4:      layout_gridville, supply_closet_lemuel,
          corexii_item_surrounded_by_moat
D:6:      layout_basic, nicolae_ru_great_annihilating_truth

Skill      XL: |  1  2  3  4  5  6  7 |
---------------+----------------------+-----
Stealth        | 3 |  3.0
Dodging        | 3 4 |  4.2
Spellcasting   | 3 |  3.9
Summonings     | 1 2 3 |  3.9
Ice Magic      | 5 |  5.5

Action                     |  1- 3 |  4- 6 |  7- 9 || total
---------------------------+-------+-------+-------++-------
  Melee: Unarmed           |    12 |       |       ||    12
         Constrict         |     5 |    10 |     9 ||    24
         Tentacles         |     4 |     6 |     5 ||    15
         Dagger            |     7 |    53 |    23 ||    83
   Cast: Freeze            |    30 |    20 |     2 ||    52
         Frozen Ramparts   |       |     7 |     6 ||    13
    Use: Potion            |       |     2 |     1 ||     3
   Stab: Sleeping          |     5 |    10 |       ||    15
         Distracted        |       |     1 |       ||     1
 Armour: Skin              |    18 |    27 |    18 ||    63
  Dodge: Dodged            |    22 |    35 |    18 ||    75

Table legend: (Time is in decaauts)
 A = Elapsed time spent in this place.
 B = Non-inter-level travel time spent in this place.
 C = Inter-level travel time spent in this place.
 D = Time resting spent in this place.
 E = Time spent auto-exploring this place.
 F = Levels seen in this place.
 G = Mean time per level.
                   A        B        C        D        E       F      G
               +--------+--------+--------+--------+--------+-----+--------+
         Total |   4801 |   4601 |    200 |    434 |   3589 |   5 |  960.2 |
       Dungeon |   4801 |   4601 |    200 |    434 |   3589 |   5 |  960.2 |
               +--------+--------+--------+--------+--------+-----+--------+

Top non-repeatable levels by time:
     D:1: 1406 daAuts
     D:3: 1280 daAuts
     D:2: 955 daAuts
     D:4: 684 daAuts
     D:6: 473 daAuts
